 Dungeon Crawl Stone Soup version 0.23-a0-296-ga3b1b28 (webtiles) character file.

5953 KristoblXynda the Cleaver (level 10, -1/67 HPs)
             Began as a Demonspawn Gladiator on Oct 5, 2018.
             Was a Priest of Okawaru.
             Killed from afar by an electric eel (12 damage)
             ... with a bolt of electricity
             ... in a bailey.
             The game lasted 00:18:20 (7310 turns).

KristoblXynda the Cleaver (Demonspawn Gladiator)    Turns: 7310, Time: 00:18:20

Health: -1/67      AC: 21    Str: 17    XL:     10   Next: 54%
Magic:  13/13      EV: 15    Int: 11    God:    Okawaru [***...]
Gold:   287        SH:  0    Dex: 16    Spells: 9/9 levels left

rFire    . . .     SeeInvis +   G - +4 war axe
rCold    . . .     Gourm    .   (no shield)
rNeg     . . .     Faith    .   O - +4 chain mail {MR+}
rPois    .         Spirit   .   q - +0 helmet (curse)
rElec    .         Reflect  .   J - +0 cloak
rCorr    .         Harm     .   I - +0 pair of gloves
MR       ++...                  v - +0 pair of boots
Stlth    ..........             (no amulet)
HPRegen  0.21/turn              r - +5 ring of evasion
MPRegen  0.13/turn              j - ring of stealth

@: no status effects
A: fangs 1, talons 2, molten scales 1, see invisible, agile 1, magic resistance
1, powered by death 2
a: Heroism, Renounce Religion


You were in a bailey.
You worshipped Okawaru.
Okawaru was most pleased with you.
You were not hungry.

You visited 2 branches of the dungeon, and saw 10 of its levels.
You also visited: Sewer and Bailey.

You collected 482 gold pieces.
You spent 195 gold pieces at shops.

Inventory:

Hand Weapons
 x - a +1 whip of electrocution
 G - a +4 war axe (weapon)
Missiles
 d - 4 throwing nets (quivered)
Armour
 h - a +0 shield
 q - a cursed +0 helmet (worn)
 v - a +0 pair of boots (worn)
 I - a +0 pair of gloves (worn)
 J - a +0 cloak (worn)
 O - a +4 chain mail of magic resistance (worn)
Jewellery
 j - a ring of stealth (right hand)
 r - a +5 ring of evasion (left hand)
 A - an uncursed ring of flight
Wands
 e - a wand of digging (18)
 o - a wand of iceblast (5)
 y - a wand of paralysis (6)
Scrolls
 i - a scroll of immolation
 k - 7 scrolls of remove curse
 t - a scroll of fear
 z - 3 scrolls of teleportation
 B - a scroll of random uselessness {unknown}
 C - a scroll of noise {unknown}
 F - a scroll of amnesia
 L - a scroll of enchant armour {unknown}
Potions
 b - 3 potions of mutation
 c - 10 potions of curing
 g - 3 potions of agility
 l - 2 potions of heal wounds
 m - 2 potions of ambrosia
 n - a potion of berserk rage
 p - a potion of cancellation
 s - 2 potions of might
 u - a potion of brilliance {unknown}
 w - a potion of flight {unknown}
 E - 2 potions of degeneration {unknown}
 H - 3 potions of haste
 K - a potion of lignification {unknown}
Comestibles
 f - 16 rations
 D - 3 chunks of flesh


   Skills:
 - Level 2.0 Fighting
 * Level 10.7 Axes
 - Level 2.0 Throwing
 + Level 7.1 Armour
 - Level 5.1 Dodging
 + Level 3.9 Invocations
 - Level 5.2 Evocations


You had 9 spell levels left.
You didn't know any spells.
Your spell library contained the following spells:

 Spells                   Type           Power        Failure   Level  Hunger
 Corona                   Hex            #......      99%         1    ##.....
 Freeze                   Ice            #...         99%         1    ##.....
 Summon Small Mammal      Summ           #...         99%         1    ##.....
 Call Imp                 Summ           #.......     99%         2    ###....
 Ensorcelled Hibernation  Hex/Ice        #.....       99%         2    ###....
 Throw Frost              Conj/Ice       #.....       99%         2    ###....
 Call Canine Familiar     Summ           #.......     100%        3    ####...
 Confuse                  Hex            #.......     100%        3    ####...
 Dazzling Spray           Conj/Hex       #.....       100%        3    ####...
 Ozocubu's Armour         Chrm/Ice       #.......     100%        3    ####...
 Summon Guardian Golem    Hex/Summ       #.......     100%        3    ####...
 Tukima's Dance           Hex            #.......     100%        3    ####...
 Summon Ice Beast         Ice/Summ       #.......     100%        4    #####..
 Summon Lightning Spire   Summ/Air       #.......     100%        4    #####..
 Throw Icicle             Conj/Ice       #.......     100%        4    #####..


Dungeon Overview and Level Annotations

Branches:
Dungeon (9/15)             Temple (1/1) D:6            Lair (0/6) D:8
    Orc: D:9-12

Altars:
Ashenzari
Cheibriados
Dithmenos
Elyvilon
Fedhas
Gozag
Hepliaklqana
Kikubaaqudgha
Makhleb
Nemelex Xobeh
Okawaru
Qazlal
Ru
Sif Muna
Trog
Uskayaw
Vehumet
Wu Jian
Xom
Yredelemnul
Zin
The Shining One

Shops:
D:7 *   D:8 [


Innate Abilities, Weirdness & Mutations

You have razor-sharp toenails.
You are partially covered in molten scales. (AC +2)
You regenerate health from kills.
You have very sharp teeth.
You have supernaturally acute eyesight. (SInv)
You are agile. (Dex +2)
You are resistant to hostile enchantments. (MR+)


Message History

The bolt of electricity hits you!
There is an open door here.
The electric eel shoots out a bolt of lightning at you!
The bolt of electricity hits you!
You slash the electric eel!
The electric eel is almost dead.
The electric eel shoots out a bolt of lightning at you!
The bolt of electricity hits you!
The electric eel shoots out a bolt of lightning at you!
The bolt of electricity hits you!
The electric eel shoots out a bolt of lightning at you!
The bolt of electricity hits you!
* * * LOW HITPOINT WARNING * * *
The electric eel shoots out a bolt of lightning at you!
The bolt of electricity hits you!
* * * LOW HITPOINT WARNING * * *
There is an open door here.
The electric eel shoots out a bolt of lightning at you!
The bolt of electricity hits you!
You die...

#..'.))..)).#
#..'.....').#
≈≈≈≈≈#+####..#..⌠..#).###
≈≈≈≈≈≈≈.#.....#.....#.[...
≈≈≈≈≈≈≈.#.8...#.....#)..8.
≈≈≈;≈≈≈.#.....#######.).).
≈≈≈≈≈≈≈.#.8.###########.8.
≈≈≈≈≈≈≈.#..............)..
≈≈≈≈≈≈≈.#@8.............8.
≈≈≈≈≈≈≈.'........_........
≈≈≈≈≈≈≈.##+#...........#'#
≈≈≈≈≈≈;.# #############..
≈≈≈≈≈≈≈.# #!!..+ +..%%#..
≈≈≈≈≈≈≈.# #??..# #..%%#..
≈≈≈≈≈≈≈.# ###### ######..
≈≈≈≈≈≈≈.# '.. ≈≈≈≈≈≈#+#
###


You could see an electric eel.

Vanquished Creatures
  An orc high priest (Bailey)
  Pikel (D:6)
  An orc knight (Bailey)
  An orc sorcerer (Bailey)
  Joseph (D:8)
  Grinder (D:3)
  4 hogs (D:7)
  A human (D:7)
  Menkaure (D:7)
  A water moccasin (D:6)
  An ice beast (D:7)
  4 orc warriors
  A sky beast (D:6)
  A slave (D:6)
  2 black bears
  2 ogres
  2 centaurs
  2 big kobolds (Sewer)
  A bullfrog (D:7)
  A scorpion (D:5)
  A water moccasin skeleton (D:8)
  4 wights (D:7)
  6 crimson imps
  A quasit (D:8)
  A centaur skeleton (D:5)
  2 hounds
  An orc priest (D:6)
  Crazy Yiuf (D:6)
  A jelly (D:5)
  3 orc wizards
  2 bullfrog skeletons (D:4)
  Jessica (D:2)
  Natasha (thrice) (D:2)
  An iguana (D:4)
  7 worker ants
  4 gnolls (Bailey)
  12 adders
  2 river rats (Sewer)
  An ooze (D:3)
  An adder skeleton (D:8)
  An adder zombie (D:5)
  6 worms
  2 dart slugs (D:2)
  5 leopard geckos
  19 orcs
  6 ball pythons
  7 bats
  11 giant cockroaches
  4 hobgoblins
  10 jackals
  4 quokkas
  8 frilled lizards
  A giant cockroach zombie (D:6)
  16 goblins
  21 kobolds
  A quokka skeleton (D:5)
  25 rats
232 creatures vanquished.

Vanquished Creatures (others)
  An ooze (D:6)
  A rat (D:2)
2 creatures vanquished.

Grand Total: 234 creatures vanquished

Notes
Turn   | Place    | Note
-------+----------+-------------------------------------------
     0 | D:1      | KristoblXynda the Demonspawn Gladiator began the quest for
                  | the Orb.
     0 | D:1      | Reached XP level 1. HP: 16/16 MP: 1/1
   248 | D:1      | Reached skill level 3 in Axes
   248 | D:1      | Gained mutation: You are partially covered in molten
                  | scales. (AC +2) [demonic ancestry]
   248 | D:1      | Reached XP level 2. HP: 22/22 MP: 2/2
   852 | D:2      | Gained mutation: You regenerate a little health from kills.
                  | [demonic ancestry]
   852 | D:2      | Reached XP level 3. HP: 26/27 MP: 3/3
   854 | D:2      | Found a snail-covered altar of Cheibriados.
  1261 | D:2      | Noticed Natasha
  1269 | D:2      | Killed Natasha
  1269 | D:2      | Reached skill level 1 in Armour
  1269 | D:2      | Gained mutation: You have sharp toenails. [demonic
                  | ancestry]
  1269 | D:2      | Reached XP level 4. HP: 23/33 MP: 4/4
  1338 | D:2      | Noticed Natasha
  1343 | D:2      | Killed Natasha
  1343 | D:2      | Reached skill level 4 in Axes
  1376 | D:2      | Noticed Natasha
  1392 | D:2      | Killed Natasha
  1392 | D:2      | Reached XP level 5. HP: 15/38 MP: 5/5
  1703 | D:2      | Noticed Jessica
  1706 | D:2      | Killed Jessica
  2483 | D:3      | Noticed Grinder
  2487 | D:3      | Gained mutation: You are resistant to hostile enchantments.
                  | (MR+) [potion of mutation]
  2487 | D:3      | Gained mutation: You are agile. (Dex +2) [potion of
                  | mutation]
  2487 | D:3      | Gained mutation: You have supernaturally acute eyesight.
                  | (SInv) [potion of mutation]
  2487 | D:3      | Gained mutation: You have very sharp teeth. [potion of
                  | mutation]
  2504 | D:3      | Killed Grinder
  2504 | D:3      | Reached skill level 5 in Axes
  2504 | D:3      | Reached XP level 6. HP: 16/44 MP: 6/6
  2965 | D:4      | Reached XP level 7. HP: 14/50 MP: 7/7
  3144 | D:4      | Found a glowing drain.
  3186 | Sewer    | Entered a sewer
  3384 | Sewer    | Reached skill level 6 in Axes
  3989 | D:5      | Entered Level 5 of the Dungeon
  4075 | D:5      | Reached skill level 5 in Dodging
  4075 | D:5      | Gained mutation: You have razor-sharp toenails. [demonic
                  | ancestry]
  4075 | D:5      | Reached XP level 8. HP: 32/56 MP: 8/8
  4435 | D:5      | Reached skill level 7 in Axes
  4491 | D:5      | Reached skill level 1 in Evocations
  4864 | D:6      | Noticed Pikel
  4892 | D:6      | Killed Pikel
  4892 | D:6      | Reached skill level 8 in Axes
  4914 | D:6      | Found a staircase to the Ecumenical Temple.
  4940 | Temple   | Entered the Ecumenical Temple
  5059 | Temple   | Became a worshipper of Warmaster Okawaru
  5114 | D:6      | Found a sparkling altar of Nemelex Xobeh.
  5122 | D:6      | Reached skill level 5 in Armour
  5122 | D:6      | Reached XP level 9. HP: 50/61 MP: 11/11
  5380 | D:6      | Found a runed door.
  5385 | D:6      | Noticed Crazy Yiuf
  5400 | D:6      | Killed Crazy Yiuf
  5570 | D:7      | Reached * piety under Okawaru
  5785 | D:7      | Found Hixo Vam's General Store.
  5785 | D:7      | Noticed Menkaure
  5792 | D:7      | Killed Menkaure
  5970 | D:7      | Reached skill level 9 in Axes
  6146 | D:7      | Reached ** piety under Okawaru
  6261 | D:8      | Reached skill level 5 in Evocations
  6407 | D:8      | Found a staircase to the Lair.
  6465 | D:8      | Noticed Joseph
  6493 | D:8      | Killed Joseph
  6493 | D:8      | Gained mutation: You regenerate health from kills. [demonic
                  | ancestry]
  6493 | D:8      | Reached XP level 10. HP: 67/67 MP: 13/13
  6777 | D:8      | Found Datz's Antique Armour Boutique.
  6786 | D:8      | Bought a shiny chain mail for 195 gold pieces
  7004 | D:9      | Found a flagged portal.
  7014 | Bailey   | Entered a bailey
  7198 | Bailey   | Found an iron altar of Okawaru.
  7198 | Bailey   | Noticed an orc high priest
  7198 | Bailey   | Noticed an orc sorcerer
  7202 | Bailey   | Reached skill level 10 in Axes
  7202 | Bailey   | Reached skill level 1 in Invocations
  7216 | Bailey   | Killed an orc sorcerer
  7216 | Bailey   | Reached *** piety under Okawaru
  7222 | Bailey   | Killed an orc high priest
  7243 | Bailey   | Noticed an orc knight
  7257 | Bailey   | Killed an orc knight
  7310 | Bailey   | Killed from afar by an electric eel

Vault maps used:
D:1:      sevenhm_arrival_forest_fort_large_4, glass_columns_a
D:2:      kennysheep_slug_shrine, uniq_natasha, uniq_jessica
D:3:      uniq_grinder
D:4:      gup_sewer_entry_glass
D:5:      first_ration
D:6:      minmay_temple_entry_purple_smoke, nemelex_dance_club_becter,
          uniq_pikel, uniq_crazy_yiuf_cottage
D:7:      serial_shops, shop, grunt_livestock, uniq_menkaure
D:8:      lair_entry_dummy, serial_shops, nicolae_shop_overgrown_old_shop,
          uniq_joseph
D:9:      nicolae_overflow_hidden_temple, enter_bailey_2, st_stairs_11
Temple:   compressed_dpeg_triangle_lava_temple
Sewer:    sewer_minmay_treatment
Bailey:   bailey_axe_of_yendor_kennysheep, bailey

Skill      XL: |  1  2  3  4  5  6  7  8  9 10 |
---------------+-------------------------------+-----
Axes           | 3 4 5 6 8 9 10 | 10.7
Throwing       | 2 |  2.0
Dodging        | 3 4 5 |  5.1
Armour         | 1 2 3 5 6 7 |  7.1
Evocations     | 3 5 |  5.2
Invocations    | 3 |  3.9
Fighting       | |  2.0

Action                   |  1- 3 |  4- 6 |  7- 9 | 10-12 || total
-------------------------+-------+-------+-------+-------++-------
Melee: War axe           |   112 |   118 |   410 |    72 ||   712
       Kick              |       |    32 |    16 |       ||    48
       Bite              |       |     2 |    52 |     9 ||    63
       Morningstar       |       |       |    14 |       ||    14
       Whip              |       |       |    13 |       ||    13
Evoke: Wand              |       |     2 |       |     4 ||     6
  Use: Potion            |       |     3 |     4 |       ||     7
       Scroll            |       |     6 |     4 |     4 ||    14
 Stab: Paralysed         |       |       |       |     7 ||     7
  Eat: Chunk             |     1 |     4 |    10 |     3 ||    18
       Ration            |       |     1 |       |       ||     1
Armor: Scale mail        |    48 |    51 |   114 |       ||   213
       Leather armour    |     4 |       |       |       ||     4
       Chain mail        |       |       |    43 |    45 ||    88
Dodge: Dodged            |    75 |    90 |   348 |    67 ||   580

Table legend:
 A = Non-vault XP
 B = Vault XP
 C = Vault XP percentage of total XP
 D = Non-vault monster count
 E = Vault monster count
 F = Vault count percentage of total count
                 A         B        C        D         E       F
            +---------+---------+-------+---------+---------+-------
      Total |    2994 |    5511 |  64.8 |     144 |      87 |  37.7
            +---------+---------+-------+---------+---------+-------
        D:1 |      39 |       0 |   0.0 |      24 |       0 |   0.0
        D:2 |     143 |      77 |  35.0 |      24 |       3 |  11.1
        D:3 |      64 |     272 |  81.0 |      19 |       1 |   5.0
        D:4 |     404 |      17 |   4.0 |      22 |       3 |  12.0
        D:5 |     583 |       0 |   0.0 |      23 |       0 |   0.0
        D:6 |     539 |     813 |  60.1 |      11 |       3 |  21.4
        D:7 |     678 |    1119 |  62.3 |      12 |       6 |  33.3
        D:8 |     394 |     445 |  53.0 |       7 |       1 |  12.5
        D:9 |     150 |       0 |   0.0 |       2 |       0 |   0.0
      Sewer |       0 |     317 | 100.0 |       0 |      48 | 100.0
     Bailey |       0 |    2451 | 100.0 |       0 |      22 | 100.0
            +---------+---------+-------+---------+---------+-------
